Map: Traitor's Exile

Players

nobody - Winner!

  • Race: Zerg Zerg
  • Spawn Location: 12:00

PureLegacy - Winner!

  • Race: Terran Terran
  • Spawn Location: 9:00

JimmieÅkeson

  • Race: Terran Terran
  • Spawn Location: 5:00

llllllllllll

  • Race: Terran Terran
  • Spawn Location: 6:00

VOD

Have the link to the VOD?

Description

Time

  • Played on: Nov. 20, 2018, 3:01 p.m.
  • Length: 1:41
Show
View Real Time Build Order
Export as new Build Order

nobody Zerg - Winner!

Build Orders: Pool Only 

Get SALT Encoding   

  12  0:21  Spawning Pool  
  11  0:31  Drone x2  
  11  0:32  Drone  
Show
View Real Time Build Order
Export as new Build Order

PureLegacy Terran - Winner!

Build Orders:  

Get SALT Encoding   

  12  0:03  SCV  
  13  0:15  SCV  
  13  0:18  Supply Depot  
  14  0:27  SCV  
  15  0:31  Refinery  
  15  0:40  SCV  
  16  0:47  Barracks  
  16  0:52  SCV  
  17  1:04  Barracks  
  17  1:18  Barracks  
  17  1:22  SCV  
Show
View Real Time Build Order
Export as new Build Order

JimmieÅkeson Terran 

Build Orders:  

Get SALT Encoding   

  12  0:01  SCV  
  13  0:13  SCV  
  14  0:21  Supply Depot  
  14  0:25  SCV  
  15  0:29  Refinery  
  15  0:43  SCV  
  16  0:52  Barracks  
  16  0:55  SCV  
  17  1:07  SCV  
  18  1:19  SCV  
Show
View Real Time Build Order
Export as new Build Order

llllllllllll Terran 

Build Orders:  

Get SALT Encoding   

Tags
 
Add a new tag
Caveats
  • Supply blocks, unpowered buildings, or Contaminate may cause inaccurate times.
  • Supply counts are checked every 10 seconds.